 Dungeon Crawl Stone Soup version 0.29.0-11-gd7f09526c8 (webtiles) character file.

Game seed: 13347229092984591507

2106 Arcadio the Scholar of Death (level 9, -4/63 HPs)
             Began as a Hill Orc Necromancer on Sept 4, 2022.
             Was a Follower of Kikubaaqudgha.
             Slain by Grum
             ... wielding a +0 spear
              (11 damage)
             ... on level 8 of the Dungeon.
             The game lasted 00:20:55 (9416 turns).

Arcadio the Scholar of Death (Hill Orc Necromancer) Turns: 9416, Time: 00:20:55

Health: -4/63      AC:  5    Str: 17    XL:     9   Next: 28%
Magic:  9/17       EV: 13    Int: 19    God:    Kikubaaqudgha [*.....]
Gold:   374        SH:  0    Dex: 11    Spells: 3/18 levels left

rFire   . . .      SeeInvis .   q - +3 dagger (speed)
rCold   . . .      Faith    .   (no shield)
rNeg    . . .      Spirit   .   f - +0 leather armour
rPois   .          Reflect  .   g - +0 helmet
rElec   .          Harm     .   (no cloak)
rCorr   .          Rampage  .   (no gloves)
Will    .....                   k - +0 pair of boots
Stlth   +.........              (no amulet)
HPRegen 0.20/turn               n - +6 ring of strength
MPRegen 0.15/turn               (no ring)

@: no status effects
A: no striking features
a: Renounce Religion, Unearth Wretches


You were on level 8 of the Dungeon.
You worshipped Kikubaaqudgha.
Kikubaaqudgha was aware of your devotion.
You visited 2 branches of the dungeon, and saw 9 of its levels.

You collected 374 gold pieces.

Inventory:

Hand Weapons
 e - a +0 dagger
 j - a +0 short sword of speed
 m - a +0 short sword of venom
 p - a +0 rapier
 q - a +3 dagger of speed (weapon)
 s - a +1 dagger of draining
 F - a +0 war axe
Missiles
 x - a throwing net
Armour
 a - a +0 robe
 f - a +0 leather armour (worn)
 g - a +0 helmet (worn)
 k - a +0 pair of boots (worn)
Jewellery
 n - a +6 ring of strength (left hand)
Wands
 A - a wand of paralysis (7)
Scrolls
 c - a scroll of immolation
 u - a scroll of magic mapping
 w - a scroll of brand weapon {unknown}
 y - a scroll of torment {unknown}
 B - a scroll of vulnerability {unknown}
 C - a scroll of poison {unknown}
 D - a scroll of enchant weapon {unknown}
 E - 2 scrolls of blinking {unknown}
Potions
 b - a potion of magic
 d - 2 potions of mutation
 h - 4 potions of curing
 i - 4 potions of ambrosia
 l - a potion of heal wounds
 o - 2 potions of attraction
 r - 4 potions of flight
 t - a potion of lignification {unknown}
 v - 5 potions of brilliance {unknown}
 z - a potion of haste {unknown}


   Skills:
 + Level 0.6 Fighting
 + Level 5.9 Dodging
 - Level 1.5 Stealth
 + Level 5.4 Spellcasting
 + Level 8.0 Necromancy


You had 3 spell levels left.
You knew the following spells:

 Your Spells              Type           Power      Damage    Failure   Level
a - Necrotise             Necr           100%       1d9       1%          1
b - Vampiric Draining     Necr           35%        2d8       1%          3
c - Animate Dead          Necr           35%        N/A       5%          4
d - Agony                 Necr           35%        N/A       16%         5
e - Sublimation of Blood  Necr           35%        N/A       1%          2

Your spell library contained the following spells:

 Spells                   Type           Power      Damage    Failure   Level
 Gell's Gravitas          Tloc           5%         N/A       41%         3
 Teleport Other           Tloc           5%         N/A       41%         3
 Anguish                  Hex/Necr       10%        N/A       28%         4
 Summon Lightning Spire   Summ/Air       5%         N/A       82%         4
 Dispersal                Tloc           2%         N/A       100%        6
 Storm Form               Tmut/Air       2%         N/A       100%        7
 Maxwell's Capacitive Co  Air            2%         ∞         100%        8


Dungeon Overview and Level Annotations

Branches:
Dungeon (8/15) Zot: 26987  Temple (1/1) D:6 Zot: 5595
   Lair: D:8-11

Altars:
Ashenzari
Cheibriados
Dithmenos
Elyvilon
Fedhas
Gozag
Hepliaklqana
Kikubaaqudgha
Makhleb
Nemelex Xobeh
Okawaru
Ru
Sif Muna
Trog
Uskayaw
Vehumet
Wu Jian
Xom
Yredelemnul
Zin
The Shining One

Shops:
D:3 [

Annotations:
D:8 Grum


Message History

Casting: Vampiric Draining (safe; 1% risk of failure)
Confirm with . or Enter, or press ? or * to list all spells.
Aiming: Vampiric Draining (safe; 1% risk of failure)
Press: ? - help, Shift-Dir - straight line, f/p - centaur
Aim: a centaur (moderately wounded)
You draw life force from the centaur!
You feel life coursing into your body. The centaur hits you.
The centaur closely misses you. The centaur barely misses you.
The centaur misses you.
An orc wizard comes into view. It is wielding a +0 dagger.
Grum completely misses you.
An orc comes into view. It is wielding a +0 short sword.
Casting: Vampiric Draining (safe; 1% risk of failure)
Confirm with . or Enter, or press ? or * to list all spells.
Aiming: Vampiric Draining (safe; 1% risk of failure)
Press: ? - help, Shift-Dir - straight line, f/p - centaur
Aim: a centaur (almost dead)
You draw life force from the centaur.
You feel life coursing into your body. The centaur hits you.
The centaur closely misses you. The wolf bites you.
An orc wizard comes into view. It is wielding a +0 dagger.
Grum misses you. The centaur attacks as you move away! The centaur hits you.
The centaur misses you. Grum attacks as you move away!
Grum hits you with a +0 spear!
The centaur wields a +0 shortbow.
The centaur shoots an arrow.
The arrow hits you. The wolf bites you but does no damage.
Grum barely misses you.
The centaur shoots an arrow.
The arrow hits you! The wolf bites you. The wolf bites you!
* * * LOW HITPOINT WARNING * * *
There is a stone staircase leading up here.
The wolf barely misses you. The wolf bites you.
* * * LOW HITPOINT WARNING * * *
The wolf barely misses you.
The centaur unwields a +0 shortbow.
The centaur hits you.
* * * LOW HITPOINT WARNING * * *
The centaur kicks you.
* * * LOW HITPOINT WARNING * * *
The wolf bites you but does no damage.
Grum hits you from afar with a +0 spear!
You die...
Kikubaaqudgha rasps: "You have failed me!
Welcome... death!"

,,,*,,,,*,,,,##......##..,,**,,,,
,,,*,,,,*,,,,#..........,,,**,,,*
,,,*,,,,*,,,,#......o...,,,**,,,*
,,**,,,,+,,,,#.....o...,,,,,,,,,,
+***,,,,*,,,,#..o..$.#*,,,,**,,,,
,,,+,,,**,,,,*#..o...#**+##**,,,,
,,**,,,**######......##....,*,,,,
,,*******.......chg........**,,,,
,,**,,,,,.......@h.........**,,,*
,,**,,,,,............##...>**,,,,
,,,*,,,**######......#*,...**,,,,
,,****** *#.......#,,..,*,,,,
,,** #..[.....#,,,.**,,,, ,,,*
#........#,,,,****** ,,,*
#........#,,,,+,,,,, ,,,*
#..?..).##,,,,**,,,, ,,,*
**,,,,,,**,,,,**,,,,


You could see Grum, 2 wolves, a centaur, 2 orc wizards and 2 orcs.

Vanquished Creatures
  A steam dragon (Temple)
  A water moccasin (D:7)
  Duvessa (D:7)
  2 sky beasts
  A black bear (D:7)
  An ogre (D:7)
  A centaur (D:6)
  3 phantoms
  A kobold brigand (D:6)
  2 bullfrogs (D:7)
  4 scorpions
  Dowan (D:6)
  A hound (D:4)
  4 orc priests
  3 iguanas
  Natasha (thrice) (D:3)
  2 orc wizards (D:4)
  6 adders
  2 shadow imps
  2 white imps
  3 worms
  4 dart slugs
  10 orcs
  4 bats
  7 endoplasms
  6 giant cockroaches
  7 goblins
  5 hobgoblins
  7 jackals (D:2)
  15 kobolds
  5 quokkas
  9 ball pythons
  4 frilled lizards
  4 rats
132 creatures vanquished.

Vanquished Creatures (collateral kills)
  A necrophage (D:6)
  A jelly (D:6)
  A quokka (D:1)
  A bat (D:1)
  A rat (D:2)
5 creatures vanquished.

Vanquished Creatures (others)
  An orc (D:3)
  2 kobold zombies (D:6)
  2 plants (D:2)
5 creatures vanquished.

Grand Total: 142 creatures vanquished

Notes
Turn   | Place    | Note
-------+----------+-------------------------------------------
     0 | D:1      | Arcadio the Hill Orc Necromancer began the quest for the
                  | Orb.
     0 | D:1      | Reached XP level 1. HP: 14/14 MP: 3/3
   196 | D:1      | Reached XP level 2. HP: 20/20 MP: 0/4
  1561 | D:2      | Reached XP level 3. HP: 26/26 MP: 0/6
  2426 | D:2      | Reached XP level 4. HP: 33/33 MP: 4/7
  2666 | D:2      | Found a faded altar of an unknown god.
  2909 | D:2      | Learned a level 3 spell: Vampiric Draining
  3299 | D:3      | Found Miol's Antique Armour Shop.
  3364 | D:3      | Noticed Natasha
  3380 | D:3      | Killed Natasha
  3566 | D:3      | Noticed Natasha
  3580 | D:3      | Killed Natasha
  3581 | D:3      | Reached XP level 5. HP: 22/38 MP: 4/8
  3654 | D:3      | Noticed Natasha
  3661 | D:3      | Killed Natasha
  3662 | D:3      | Reached skill level 5 in Necromancy
  4099 | D:4      | Reached XP level 6. HP: 38/45 MP: 0/10
  5087 | D:4      | Reached XP level 7. HP: 48/50 MP: 2/12
  5189 | D:4      | Learned a level 4 spell: Animate Dead
  5471 | D:5      | Entered Level 5 of the Dungeon
  5601 | D:5      | Found an ancient bone altar of Kikubaaqudgha.
  5684 | D:5      | Became a worshipper of Kikubaaqudgha
  5991 | D:5      | Reached skill level 6 in Necromancy
  6359 | D:5      | Reached XP level 8. HP: 38/57 MP: 2/14
  6747 | D:6      | Found a staircase to the Ecumenical Temple.
  6756 | Temple   | Entered the Ecumenical Temple
  7187 | D:6      | Reached * piety under Kikubaaqudgha
  7187 | D:6      | Received a gift from Kikubaaqudgha
  7348 | D:6      | Reached skill level 7 in Necromancy
  7378 | D:6      | Found a radiant altar of Vehumet.
  7461 | D:6      | Reached skill level 5 in Dodging
  7888 | D:6      | Learned a level 5 spell: Agony
  7895 | D:6      | Learned a level 2 spell: Sublimation of Blood
  8266 | D:7      | Reached skill level 5 in Spellcasting
  8372 | D:7      | Reached XP level 9. HP: 33/62 MP: 12/16
  8911 | D:7      | Noticed Duvessa
  8911 | D:7      | Noticed Dowan
  8933 | D:7      | Killed Duvessa
  8955 | D:6      | Killed Dowan
  9199 | D:7      | Reached skill level 8 in Necromancy
  9404 | D:8      | Noticed Grum
  9416 | D:8      | Slain by Grum

Illustrated notes

Levels and vault maps discovered:
D:1:      erik_arrival_orb_chamber, layout_basic, st_stairs_7,
          grunt_decor_fettered, minmay_tromino_mix6
D:2:      cheibrodos_old_hovel, layout_loops_cross, ebering_ecumenical_altar_box
D:3:      layout_rooms, serial_shops, shop, uniq_natasha
D:4:      layout_basic, portal_sewer_entry_f, dreamdust_princess_bridge
D:5:      layout_basic, mainiacjoe_overflow_concentric_impassable
D:6:      layout_gridville, lemuel_crystal_altar,
          minmay_temple_entry_statues_fountains, corexii_corridor_pit
D:7:      layout_loops_ring, uniq_duvessa
D:8:      layout_gridville, enter_bailey_5, uniq_grum
Temple:   compressed_dpeg_triangle_lava_temple

Skill      XL: |  1  2  3  4  5  6  7  8  9 |
---------------+----------------------------+-----
Dodging        | 2 3 4 5 |  5.9
Spellcasting   | 2 3 4 5 |  5.4
Necromancy     | 5 6 7 8 |  8.0
Fighting       | |  0.6
Stealth        | |  1.5

Action                   |  1- 3 |  4- 6 |  7- 9 || total
-------------------------+-------+-------+-------++-------
Melee: Dagger            |    21 |   113 |   257 ||   391
       Short sword       |    22 |    57 |       ||    79
       Punch             |       |     3 |     1 ||     4
 Cast: Necrotise         |    59 |    23 |    17 ||    99
       Vampiric Draining |       |    18 |    42 ||    60
       Animate Dead      |       |       |     1 ||     1
       Agony             |       |       |     1 ||     1
  Use: Scroll            |       |     7 |     3 ||    10
       Potion            |       |       |     1 ||     1
 Stab: Sleeping          |     1 |     2 |     1 ||     4
       Distracted        |       |       |     1 ||     1
Armor: Robe              |     9 |    18 |       ||    27
       Leather armour    |       |    48 |    60 ||   108
Dodge: Dodged            |    31 |   122 |   183 ||   336
